 Dungeon Crawl Stone Soup version 0.26.0-16-gc1dbca0489 (webtiles) character file.

Game seed: 3963961317918788947

18839 zcampers the Basher (level 12, -5/107 HPs)
             Began as a Minotaur Berserker on Jan 20, 2021.
             Was a High Priest of Trog.
             Slain by a large slime creature (6 damage)
             ... while petrified by a basilisk
             ... on level 12 of the Dungeon.
             The game lasted 00:36:04 (13988 turns).

zcampers the Basher (Minotaur Berserker)           Turns: 13988, Time: 00:36:05

Health: -5/107     AC: 17    Str: 22    XL:     12   Next: 31%
Magic:  0/11       EV:  2    Int: 12    God:    Trog [*****.]
Gold:   821        SH:  0    Dex:  9    Spells: 11/11 levels left

rFire    + + .     SeeInvis .   G - +5 morningstar "Gifaton" {flame, rN+}
rCold    + + .     Faith    .   b - +1 kite shield
rNeg     + + +     Spirit   +   A - +6 scale mail "Vuuningo" {rPois rC+}
rPois    ∞         Reflect  .   (helmet restricted)
rElec    .         Harm     .   B - +0 cloak {rCorr}
rCorr    +         Rampage  .   i - +0 pair of gloves
Will     .....                  (no boots)
Stlth    ..........             p - amulet of guardian spirit
HPRegen  0.27/turn              w - ring of the Hare {EV+8}
MPRegen  0.12/turn              l - ring "Zohiv" {rF++ rC+ Int+6 Dex-4}

@: petrified
A: retaliatory headbutt, horns 2
a: Renounce Religion, Berserk, Trog's Hand, Brothers in Arms


You were on level 12 of the Dungeon.
You worshipped Trog.
Trog was extremely pleased with you.
You visited 1 branch of the dungeon, and saw 12 of its levels.
You also visited: Ossuary and Bailey.

You collected 1312 gold pieces.
You spent 491 gold pieces at shops.

Inventory:

Hand Weapons
 E - the +7 dire flail of Orhoe {vorpal, rPois rN+}
   (You found it on level 9 of the Dungeon)

   It inflicts extra damage upon your enemies.
   It protects you from poison.
   It protects you from negative energy.
 G - the +5 morningstar "Gifaton" (weapon) {flame, rN+}
   (You found it on level 12 of the Dungeon)

   It has been specially enchanted to burn those struck by it, causing extra
   injury to most foes and up to half again as much damage against particularly
   susceptible opponents.
   It protects you from negative energy.
Missiles
 f - 48 poisoned darts (quivered)
Armour
 b - a +1 kite shield (worn)
 i - a +0 pair of gloves (worn)
 A - the +6 scale mail "Vuuningo" (worn) {rPois rC+}
   (You found it on level 9 of the Dungeon)

   It protects you from cold.
   It protects you from poison.
 B - a +0 cloak of preservation (worn)
Jewellery
 l - the ring "Zohiv" (right hand) {rF++ rC+ Int+6 Dex-4}
   (You found it on level 6 of the Dungeon)

   [ring of intelligence]

   It affects your intelligence (+6).
   It affects your dexterity (-4).
   It greatly protects you from fire.
   It protects you from cold.
 p - an amulet of guardian spirit (around neck)
 w - the ring of the Hare (left hand) {EV+8}
   (You found it in a bailey)

   [ring of evasion]

   It affects your evasion (+8).
 x - the ring of the Middle {+Fly rC+}
   (You found it on level 8 of the Dungeon)

   [ring of flight]

   It protects you from cold.
   It lets you fly.
 D - the ring of Guodd {rPois rF+ Str+6 Dex-2 SInv}
   (You found it on level 9 of the Dungeon)

   [ring of strength]

   It affects your strength (+6).
   It affects your dexterity (-2).
   It protects you from fire.
   It protects you from poison.
   It lets you see invisible.
Wands
 e - a wand of flame (61)
 j - a wand of polymorph (8)
 o - a wand of disintegration (14)
 r - a wand of random effects (80)
 z - a wand of iceblast (14)
Scrolls
 a - a scroll of fog
 c - 6 scrolls of remove curse
 g - 2 scrolls of enchant armour
 h - 15 scrolls of identify
 v - a scroll of fear
Potions
 d - 3 potions of haste
 k - a potion of cancellation
 m - 3 potions of invisibility
 n - a potion of might
 s - 7 potions of heal wounds
 t - 5 potions of curing
Miscellaneous
 y - a phial of floods
 F - a phantom mirror


   Skills:
 + Level 10.5 Fighting
 + Level 10.9(13.3) Axes
 + Level 12.8(14.2) Maces & Flails
 + Level 1.1 Throwing
 + Level 10.1 Armour
 + Level 5.4 Dodging
 + Level 1.2 Stealth
 + Level 9.5 Shields
 + Level 0.2 Evocations


You had 11 spell levels left.
You didn't know any spells.
Your spell library was empty.

Dungeon Overview and Level Annotations

Branches:
Dungeon (12/15)            Temple (0/1) D:6            Lair (0/6) D:8
    Orc (0/2) D:10        Ossuary (visited)          Bailey (visited)

Altars:
Ashenzari
Cheibriados
Dithmenos
Kikubaaqudgha
Makhleb
Nemelex Xobeh
Okawaru
Qazlal
Ru
Trog
Uskayaw
Wu Jian
Xom
Yredelemnul
The Shining One

Shops:
D:4 (   D:7 =   D:11 !


Innate Abilities, Weirdness & Mutations

You reflexively headbutt those who attack you in melee.
You have a pair of horns on your head.


Message History

The slime creature hits you.
* * * LOW HITPOINT WARNING * * *
The basilisk bites you but does no damage.
The very large slime creature hits you!!
* * * LOW HITPOINT WARNING * * *
The slime creature hits you.
* * * LOW HITPOINT WARNING * * *
The basilisk bites you but does no damage.
A very large slime creature splits.
The slime creature hits you.
* * * LOW HITPOINT WARNING * * *
The large slime creature barely misses you.
The basilisk bites you but does no damage.
The slime creature hits you but does no damage. x2
The large slime creature hits you!!
* * * LOW HITPOINT WARNING * * *
The basilisk bites you but does no damage.
The slime creature hits you.
The slime creature hits you but does no damage.
The large slime creature hits you!
You die...

#............##....#####.........
#............##....##..##########
#...^............................
#................................
#################################
....................
.....##..#...##§§§# #..
###......#...##§JJ##.....
###..........§§§@lc......
..............§§§J.......
#########################


You could see a large slime creature, 2 slime creatures, a basilisk and a
centaur.

Vanquished Creatures
  Fannar (D:10)
  Harold (D:7)
  A boulder beetle (D:12)
  A centaur warrior (D:12)
  A two-headed ogre (D:11)
  Nergalle (D:11)
  An unseen horror (D:10)
  2 ugly things
  A cyclops (D:9)
  Joseph (D:9)
  Maurice (D:10)
  Maggie (D:7)
  3 trolls
  2 slime creatures (D:12)
  12 yaks
  7 wraiths
  2 wyverns
  2 fire bats (D:8)
  A steam dragon (D:9)
  A soldier ant (D:11)
  3 water moccasins
  A black bear (D:9)
  3 orc warriors
  4 phantoms
  7 ogres
  An eye of draining (D:10)
  2 ice beasts
  2 necrophages
  2 sky beasts
  10 centaurs
  6 bullfrogs
  6 gnoll sergeants (Bailey)
  A wyvern skeleton (D:9)
  A water moccasin skeleton (D:9)
  3 scorpions
  8 wights
  3 killer bees (D:9)
  A howler monkey (D:12)
  A centaur zombie (D:7)
  3 bullfrog zombies
  3 centaur skeletons
  4 jellies
  A quasit (D:9)
  2 bullfrog skeletons
  7 gnoll shamans
  5 orc priests
  7 hounds
  7 orc wizards
  Ijyb (D:3)
  3 iguanas
  Terence (D:2)
  5 worker ants
  A mummy (D:6)
  3 worker ant zombies
  A howler monkey skeleton (D:4)
  30 gnolls
  18 adders
  A shadow imp (D:6)
  6 white imps
  4 ufetubi
  An adder zombie (Ossuary)
  An adder skeleton (D:3)
  A worm (D:3)
  10 dart slugs
  8 leopard geckos
  47 orcs
  3 ball pythons
  3 giant cockroaches
  12 goblins
  7 hobgoblins
  10 jackals
  6 kobolds
  7 quokkas
  A ball python skeleton (Ossuary)
  15 bats
  8 frilled lizards
  A giant cockroach zombie (D:6)
  5 hobgoblin zombies
  A kobold zombie (Ossuary)
  A leopard gecko skeleton (D:8)
  An orc skeleton (Ossuary)
  An orc zombie (Ossuary)
  A quokka zombie (D:5)
  14 rats
386 creatures vanquished.

Vanquished Creatures (collateral kills)
  A flayed ghost (D:8)
  2 gnoll sergeants (Bailey)
  A gnoll shaman (Bailey)
  5 gnolls (Bailey)
9 creatures vanquished.

Vanquished Creatures (others)
  An adder (D:9)
  An adder zombie (D:9)
  An orc (D:10)
3 creatures vanquished.

Grand Total: 398 creatures vanquished

Notes
Turn   | Place    | Note
-------+----------+-------------------------------------------
     0 | D:1      | zcampers the Minotaur Berserker began the quest for the
                  | Orb.
     0 | D:1      | Reached XP level 1. HP: 19/19 MP: 0/0
   144 | D:1      | Found a broken altar of Ashenzari.
   465 | D:1      | Reached skill level 4 in Maces & Flails
   465 | D:1      | Reached XP level 2. HP: 27/27 MP: 1/1
   900 | D:2      | Reached XP level 3. HP: 33/33 MP: 2/2
  1286 | D:2      | Reached ** piety under Trog
  1336 | D:2      | Reached XP level 4. HP: 39/41 MP: 3/3
  1374 | D:2      | Reached skill level 5 in Maces & Flails
  1450 | D:2      | Found a faded altar of an unknown god.
  1472 | D:2      | Noticed Terence
  1480 | D:2      | Killed Terence
  1535 | D:2      | Reached skill level 1 in Axes
  1751 | D:2      | Reached XP level 5. HP: 40/47 MP: 4/4
  2030 | D:3      | Found a sacrificial altar of Ru.
  2030 | D:3      | Found a snail-covered altar of Cheibriados.
  2171 | D:3      | Found an iron altar of Okawaru.
  2330 | D:3      | Noticed Ijyb
  2349 | D:3      | Killed Ijyb
  3636 | D:4      | Found Erinapn's Weapon Boutique.
  4052 | D:5      | Entered Level 5 of the Dungeon
  4107 | D:5      | Reached XP level 6. HP: 52/53 MP: 3/5
  4132 | D:5      | Found a bloodstained altar of Trog.
  4132 | D:5      | Found a hide-covered altar of Uskayaw.
  4133 | D:5      | Found an ancient bone altar of Kikubaaqudgha.
  4174 | D:5      | Reached *** piety under Trog
  4241 | D:5      | Reached skill level 1 in Shields
  5183 | D:6      | Reached skill level 5 in Fighting
  5183 | D:6      | Reached skill level 6 in Maces & Flails
  5228 | D:6      | Reached XP level 7. HP: 18/61 MP: 3/6
  5352 | D:6      | Got a flickering marble ring
  5381 | D:6      | Found a sand-covered staircase.
  5403 | Ossuary  | Entered an ossuary
  5406 | Ossuary  | Identified the ring "Zohiv" {rF++ rC+ Int+6 Dex-4} (You
                  | found it on level 6 of the Dungeon)
  5552 | Ossuary  | Reached skill level 5 in Armour
  5816 | Ossuary  | Noticed a wraith
  5816 | Ossuary  | Noticed a flying skull
  5848 | Ossuary  | Noticed a flying skull
  5849 | Ossuary  | Noticed a flying skull
  5911 | Ossuary  | Noticed a wraith
  5918 | Ossuary  | Noticed a wraith
  5927 | Ossuary  | Killed a wraith
  5928 | Ossuary  | Reached skill level 7 in Maces & Flails
  5929 | Ossuary  | Killed a wraith
  5930 | Ossuary  | Reached XP level 8. HP: 53/70 MP: 4/7
  6108 | D:6      | Found a staircase to the Ecumenical Temple.
  6343 | D:6      | Reached **** piety under Trog
  6344 | D:6      | Reached skill level 8 in Maces & Flails
  7062 | D:7      | Reached skill level 5 in Axes
  7161 | D:7      | Noticed Harold
  7190 | D:7      | Killed Harold
  7191 | D:7      | Reached skill level 5 in Shields
  7191 | D:7      | Reached XP level 9. HP: 78/78 MP: 8/8
  7202 | D:7      | Noticed Maggie
  7220 | D:7      | Killed Maggie
  7505 | D:7      | Found a shimmering altar of Xom.
  7517 | D:7      | Found a shimmering altar of Xom.
  7518 | D:7      | Found a shimmering altar of Xom.
  7518 | D:7      | Found a shimmering altar of Xom.
  7519 | D:7      | Found a shimmering altar of Xom.
  7519 | D:7      | Found a shimmering altar of Xom.
  7519 | D:7      | Found a shimmering altar of Xom.
  7708 | D:7      | Found Goico's Jewellery Shop.
  7719 | D:7      | Bought an uncursed ring of poison resistance for 260 gold
                  | pieces
  7770 | D:7      | Found a stormy altar of Qazlal.
  7899 | D:7      | Noticed a mana viper
  7907 | D:7      | Noticed a glowing orange brain
  7907 | D:7      | a mana viper changed into a glowing orange brain
  8281 | D:8      | Found a staircase to the Lair.
  8418 | D:8      | Found Ekhlun's Jewellery Boutique.
  8547 | D:8      | Reached ***** piety under Trog
  8743 | D:8      | Found a runed translucent door.
  8776 | D:8      | Reached skill level 1 in Stealth
  8776 | D:8      | Reached XP level 10. HP: 86/86 MP: 6/9
  8805 | D:8      | Found a sparkling altar of Nemelex Xobeh.
  8816 | D:8      | Noticed a flayed ghost
  8818 | D:8      | Found an ornate altar of the Wu Jian Council.
  8863 | D:8      | Found a shimmering altar of Xom.
  8886 | D:8      | Found a basalt altar of Yredelemnul.
  8891 | D:8      | Reached skill level 1 in Throwing
  9016 | D:8      | Found a burning altar of Makhleb.
  9031 | D:8      | Found a glowing golden altar of the Shining One.
  9361 | D:8      | Killed a flayed ghost
  9371 | D:8      | Got a heavily runed pewter ring
  9380 | D:8      | Identified the ring of the Middle {+Fly rC+} (You found it
                  | on level 8 of the Dungeon)
  9432 | D:9      | Found a shadowy altar of Dithmenos.
  9490 | D:9      | Found a flagged portal.
  9524 | Bailey   | Entered a bailey
  9707 | Bailey   | Reached skill level 10 in Axes
  9989 | Bailey   | Found the ring of the Hare {EV+8}
 10404 | D:9      | Noticed Joseph
 10446 | D:9      | Killed Joseph
 10473 | D:9      | Reached XP level 11. HP: 86/95 MP: 10/10
 10489 | D:9      | Noticed a green ugly thing
 10571 | D:9      | Killed a green ugly thing
 10582 | D:9      | Got a scintillating golden ring
 10583 | D:9      | Got an encrusted dire flail
 10591 | D:9      | Identified the +7 dire flail of Orhoe {vorpal, rPois rN+}
                  | (You found it on level 9 of the Dungeon)
 10689 | D:9      | Identified the ring of Guodd {rPois rF+ Str+6 Dex-2 SInv}
                  | (You found it on level 9 of the Dungeon)
 10847 | D:9      | Got a heavily runed scale mail
 10889 | D:9      | Identified the +6 scale mail "Vuuningo" {rPois rC+} (You
                  | found it on level 9 of the Dungeon)
 11292 | D:10     | Entered Level 10 of the Dungeon
 11295 | D:10     | Noticed Maurice
 11316 | D:10     | Killed Maurice
 11420 | D:10     | Killed an unseen horror
 11420 | D:10     | Received a gift from Trog
 11421 | D:10     | Reached skill level 9 in Maces & Flails
 11751 | D:10     | Noticed Fannar
 11765 | D:10     | Killed Fannar
 11766 | D:10     | Reached skill level 10 in Maces & Flails
 11943 | D:10     | Found a staircase to the Orcish Mines.
 12239 | D:11     | Found Met Oluo's Distillery.
 12250 | D:11     | Bought a potion of heal wounds for 55 gold pieces
 12250 | D:11     | Bought a potion of mutation for 88 gold pieces
 12250 | D:11     | Bought a potion of heal wounds for 55 gold pieces
 12250 | D:11     | Bought a potion of curing for 33 gold pieces
 12360 | D:11     | Noticed Nergalle
 12368 | D:11     | Killed Nergalle
 12369 | D:11     | Reached skill level 11 in Maces & Flails
 12387 | D:11     | Reached skill level 10 in Fighting
 12411 | D:11     | Reached skill level 5 in Dodging
 12626 | D:11     | Noticed a two-headed ogre
 12634 | D:11     | Killed a two-headed ogre
 12688 | D:11     | Reached XP level 12. HP: 106/106 MP: 11/11
 13432 | D:12     | Reached skill level 12 in Maces & Flails
 13542 | D:12     | Noticed a centaur warrior
 13555 | D:12     | Killed a centaur warrior
 13556 | D:12     | Reached skill level 10 in Armour
 13667 | D:12     | Noticed a boulder beetle
 13688 | D:12     | Killed a boulder beetle
 13918 | D:12     | Got a pitted morningstar
 13920 | D:12     | Identified the +5 morningstar "Gifaton" {flame, rN+} (You
                  | found it on level 12 of the Dungeon)
 13977 | D:12     | Received a gift from Trog
 13987 | D:12     | HP: 1/107 [large slime creature (12)]
 13988 | D:12     | Slain by a large slime creature

Illustrated notes

Levels and vault maps discovered:
D:1:      wander_arrival_chamber, layout_loops_ring, evilmike_ruin_ashenzari
D:2:      layout_basic, chequers_ecumenical_altar_island, minmay_domino_2,
          uniq_terence
D:3:      layout_basic, gammafunk_temple_overflow_wave,
          kennysheep_decorative_pillar, okawaru_trees_2, uniq_ijyb
D:4:      layout_basic, serial_shops, shop_coins
D:5:      kennysheep_slugbush, layout_basic,
          chequers_temple_overflow_statue_of_worship
D:6:      layout_basic, minmay_temple_entry_tees, nicolae_ossuary_entry_giza
D:7:      layout_cave_pools, lemuel_coloured_pillars_altar, serial_shops, shop,
          xom_shifter_show, uniq_harold, uniq_maggie
D:8:      due_megacathedral, layout_loops_corners, serial_shops, shop
D:9:      minmay_the_grid_triangle_9x9_rhombus_thin_mashed
          [minmay_the_grid_triangle_9x9_odd_lines,
          minmay_the_grid_triangle_9x9_prize_top_heavy,
          minmay_the_grid_triangle_9x9_stretched_checkered,
          minmay_the_grid_triangle_9x9_dagger], layout_small_grid,
          enter_bailey_3, serial_co_window_serial, co_window_paths_a,
          co_window_paths_a, co_window_corner_a, co_window_corner_a,
          co_window_of_opportunity_a, co_window_corner_a, co_window_corner_a,
          co_window_2corner, co_window_2corner, co_window_corner_b,
          glass_columns_a, glass_columns_a, glass_columns_b, glass_columns_c,
          glass_columns_a, grunt_dithmenos_smoke_and_mirrors, uniq_joseph
D:10:     layout_rooms, hiddenorc1_lemuel, uniq_maurice, uniq_fannar
D:11:     layout_rooms, serial_co_window_serial, co_window_paths_b,
          co_window_paths_a, co_window_corner_a, co_window_paths_b,
          co_window_paths_a, co_window_corner_b, co_window_cross_2,
          co_window_of_opportunity_c, co_window_2corner,
          co_window_unsneaky_path_a, serial_shops, nicolae_shop_crystal,
          uniq_nergalle
D:12:     layout_stronghold

Skill      XL: |  1  2  3  4  5  6  7  8  9 10 11 12 |
---------------+-------------------------------------+-----
Maces & Flails | 4 5 6 7 8 11 12 | 12.8
Fighting       | 4 5 6 7 8 10 | 10.5
Dodging        | 3 4 5 |  5.4
Axes           | 1 2 3 6 8 10 | 10.9
Armour         | 3 4 6 7 8 9 10 | 10.1
Shields        | 1 2 5 6 9 |  9.5
Stealth        | 1 |  1.2
Throwing       | 1 |  1.1
Evocations     | |  0.2

Action                   |  1- 3 |  4- 6 |  7- 9 | 10-12 || total
-------------------------+-------+-------+-------+-------++-------
Melee: Mace              |    24 |       |       |       ||    24
       Headbutt          |     4 |    28 |    52 |   107 ||   191
       War axe           |    18 |   129 |    75 |       ||   222
       Flail             |       |    63 |    86 |     4 ||   153
       Hand axe          |       |       |   174 |   344 ||   518
       Dire flail        |       |       |       |   283 ||   283
       Morningstar       |       |       |       |    10 ||    10
Throw: Dart              |       |       |    11 |     2 ||    13
Invok: Berserk           |       |     2 |     5 |     4 ||    11
       Trog's Hand       |       |       |     2 |     2 ||     4
       Brothers in Arms  |       |       |       |     2 ||     2
Evoke: Wand              |       |       |     2 |       ||     2
  Use: Scroll            |     4 |     4 |     3 |     9 ||    20
       Potion            |     4 |       |     5 |     3 ||    12
Armor: Animal skin       |     7 |     2 |       |       ||     9
       Scale mail        |       |    42 |       |    89 ||   131
       Plate armour      |       |    84 |   188 |   175 ||   447
Dodge: Dodged            |    43 |    72 |    57 |   382 ||   554
Block: Kite shield       |       |    69 |   191 |   249 ||   509
